 Dungeon Crawl Stone Soup version 0.25-a0-1073-gf4359a17dd (webtiles) character file.

Game seed: 6884418597588926819, levelgen mode: deterministic

52 Flugslaktarn the Skirmisher (level 3, -1/30 HPs)
             Began as a Vine Stalker Fighter on May 14, 2020.
             Slain by a scorpion (2 damage)
             ... on level 2 of the Dungeon.
             The game lasted 00:00:35 (1208 turns).

Flugslaktarn the Skirmisher (Vine Stalker Fighter)  Turns: 1208, Time: 00:00:35

Health: -1/30      AC: 21    Str: 19    XL:     3   Next: 85%
Magic:  0/4        EV:  2    Int:  8    God:
Gold:   55         SH:  9    Dex: 13    Spells: 2/2 levels left

rFire    . . .     SeeInvis .   a - +0 war axe
rCold    . . .     Gourm    .   c - +0 kite shield
rNeg     + + +     Faith    .   (armour currently unavailable)
rPois    +         Spirit   +   (helmet currently unavailable)
rElec    .         Reflect  .   (cloak currently unavailable)
rCorr    .         Harm     .   (gloves currently unavailable)
MR       .....     NoTele   +   (boots currently unavailable)
Stlth    +.........             (no amulet)
HPRegen  0.10/turn              (no ring)
MPRegen  0.09/turn              (no ring)

@: brilliant, lethally poisoned (-1 -> -2), tree-form
A: magic shield, no potion heal 3, rot immunity
a: no special abilities


You were on level 2 of the Dungeon.
You were not hungry.
You were a tree.
You visited 1 branch of the dungeon, and saw 2 of its levels.

You collected 55 gold pieces.

Inventory:

Hand Weapons
 a - a +0 war axe (weapon)
Armour
 c - a +0 kite shield (worn)
 i - a +0 chain mail (melded)
   (You found it on level 1 of the Dungeon)
 l - a +0 helmet (melded)
   (You found it on level 2 of the Dungeon)
Scrolls
 b - 2 scrolls of identify {unknown}
 j - a scroll of enchant weapon {unknown}
Potions
 d - a potion of might
 g - a potion of curing {unknown}
 k - a potion of brilliance
Comestibles
 e - 3 rations
 f - 7 chunks of flesh


   Skills:
 + Level 3.1 Fighting
 * Level 2.7 Axes
 + Level 2.7 Armour
 + Level 3.0 Shields


You had 2 spell levels left.
You didn't know any spells.
Your spell library was empty.

Dungeon Overview and Level Annotations

Branches:
Dungeon (2/15)

Altars:


Innate Abilities, Weirdness & Mutations

((You have extremely sharp teeth.))
When hurt, damage is shared between your health and your magic reserves.
((Your bite disrupts and absorbs the magic of your enemies.))
Potions cannot restore your health.
You are immune to rotting.


Message History

* * * LOW HITPOINT WARNING * * *
The scorpion barely misses you.
You hit the scorpion but do no damage.
The scorpion is almost dead.
You feel sick. The scorpion stings you.
* * * LOW HITPOINT WARNING * * *
You hit the scorpion but do no damage.
The scorpion is almost dead.
The scorpion stings you but does no damage. x2
You barely miss the scorpion.
The scorpion is almost dead.
* * * LOW HITPOINT WARNING * * *
You feel sick.
The scorpion stings you but does no damage.
You completely miss the scorpion.
The scorpion is almost dead.
The scorpion stings you.
* * * LOW HITPOINT WARNING * * *
The scorpion stings you.
You die...

#.. # .. .% #.
#..#### ####. #
$.... ....
...#... #.
...%..s#########
#. #..♣.......#
###.
......########.##
##.). ...##
#..####..#. .
##..#......
######...####.
#......÷.# #.
...#####..# #.
######..####.
###.......^.##.


You could see a scorpion.

Vanquished Creatures
  2 adders (D:2)
  2 dart slugs
  2 leopard geckos
  4 bats
  A giant cockroach (D:2)
  2 goblins
  A hobgoblin (D:1)
  3 jackals (D:1)
  A kobold (D:1)
  A quokka (D:2)
  10 frilled lizards
  A rat (D:1)
30 creatures vanquished.

Notes
Turn   | Place    | Note
-------+----------+-------------------------------------------
     0 | D:1      | Flugslaktarn the Vine Stalker Fighter began the quest for
                  | the Orb.
     0 | D:1      | Reached XP level 1. HP: 11/11 MP: 2/2
   419 | D:1      | Reached XP level 2. HP: 16/16 MP: 3/3
   972 | D:2      | Reached XP level 3. HP: 20/20 MP: 4/4
  1181 | D:2      | Noticed a scorpion
  1208 | D:2      | HP: 1/30 [scorpion (1)]
  1208 | D:2      | Slain by a scorpion

Illustrated notes

Levels and vault maps discovered:
D:1:      dpeg_arrival_renting, layout_basic
D:2:      layout_rooms, nicolae_overflow_hidden_temple, marbit_many_paths,
          first_ration, minmay_lizard_king

Skill      XL: |  1  2  3 |
---------------+----------+-----
Axes           | 2 |  2.7
Fighting       | 3 |  3.1
Shields        | 3 |  3.0
Armour         | |  2.7

Action                   || total
-------------------------++-------
Melee: War axe           ||   101
       Bite              ||    21
  Use: Potion            ||     2
  Eat: Chunk             ||     1
Armor: Scale mail        ||    21
       Chain mail        ||    69
       Skin              ||     7
Dodge: Dodged            ||    39
Block: Kite shield       ||    72

Table legend:
 A = Non-vault XP
 B = Vault XP
 C = Vault XP percentage of total XP
 D = Non-vault monster count
 E = Vault monster count
 F = Vault count percentage of total count
                 A         B        C        D         E       F
            +---------+---------+-------+---------+---------+-------
      Total |      65 |      10 |  13.3 |      22 |       8 |  26.7
            +---------+---------+-------+---------+---------+-------
        D:1 |      24 |       0 |   0.0 |      12 |       0 |   0.0
        D:2 |      41 |      10 |  19.6 |      10 |       8 |  44.4
            +---------+---------+-------+---------+---------+-------
